 Dungeon Sprint DCSS version 0.32-a0-673-g3729bd50f8 (webtiles) character file.

Game seed: 8585365304717527594

2586 nuthulu the Severer (level 9, 0/91 HPs)
             Began as a Formicid Fighter on Mar 10, 2024.
             Was a High Priest of Makhleb.
             Slain by a death scarab (17 damage)
             ... summoned by a royal mummy
             ... in the Dungeon (Sprint V: "Ziggurat Sprint").
             The game lasted 00:02:12 (398 turns).

nuthulu the Severer (Formicid Fighter)               Turns: 398, Time: 00:02:13

Health: 0/91       AC: 26    Str: 36    XL:     9   Next: 88%
Magic:  9/9        EV:  2    Int:  9    God:    Makhleb [*****.]
Gold:   0          SH: 27    Dex: 13    Spells: 8/8 levels left

rFire   . . .        p - +5 executioner's axe
rCold   . . .        B - +18 shield of the Gong {Loud rN+ Will+ rCorr EV-5}
rNeg    + . .        A - +15 Maxwell's patent armour {-Cast -Tele rElec Will+ rCorr}
rPois   .            (helmet unavailable)
rElec   +            (no cloak)
rCorr   +            (no gloves)
SInv    +            (no boots)
Will    ++...        (no amulet) Stlth
                     v - +6 ring of strength
HPRegen 0.35/turn    w - +6 ring of strength
MPRegen 0.11/turn

%: no spellcasting
@: no status effects
A: permanent stasis, dig shafts and tunnels, antennae 3, four strong arms
a: Dig, Renounce Religion, Minor Destruction, Lesser Servant of Makhleb, Major
Destruction, Greater Servant of Makhleb


You were in the Dungeon.
You worshipped Makhleb.
Makhleb was extremely pleased with you.
You visited 1 branch

Inventory:

Hand Weapons
 p - a +5 executioner's axe (weapon)
Armour
 A - the +15 Maxwell's patent armour (worn) {-Cast -Tele rElec Will+ rCorr}
   (You found it in the Dungeon)

   rElec:     It insulates you from electricity.
   Will+:     It increases your willpower.
   -Cast:     It prevents spellcasting.
   -Tele:     It prevents most forms of teleportation.
   rCorr:     It protects you from acid and corrosion.
 B - the +18 shield of the Gong (worn) {Loud rN+ Will+ rCorr EV-5}
   (You found it in the Dungeon)

   Loud:      It is deafeningly noisy when blocking attacks.
   EV-5:      It affects your evasion (-5).
   rN+:       It protects you from negative energy.
   Will+:     It increases your willpower.
   rCorr:     It protects you from acid and corrosion.
Jewellery
 b - the ring of Cowardice {^Contam rElec rF+ Str+7 Dex-4}
   (You found it in the Dungeon)

   [ring of protection from fire]

   Str+7:     It affects your strength (+7).
   Dex-4:     It affects your dexterity (-4).
   rF+:       It protects you from fire.
   rElec:     It insulates you from electricity.
   ^Contam:   It causes magical contamination when unequipped.
 q - a ring of flight
 r - a +6 ring of dexterity
 s - a +6 ring of dexterity
 t - a +6 ring of intelligence
 u - a +6 ring of intelligence
 v - a +6 ring of strength (left hand)
 w - a +6 ring of strength (right hand)
Wands
 a - a wand of flame (2)
 x - a wand of mindburst (7)
 y - a wand of iceblast (7)
 z - a wand of quicksilver (7)
Scrolls
 l - 4 scrolls of amnesia
 m - 7 scrolls of fog
 n - 5 scrolls of identify
 o - 2 scrolls of fear
Potions
 d - 6 potions of might
 e - 10 potions of curing
 f - 10 potions of heal wounds
 g - 7 potions of magic
 h - 2 potions of brilliance
 i - a potion of invisibility
 j - 4 potions of resistance


   Skills:
 + Level 15.9 Fighting
 + Level 16.1 Axes
 - Level 3.2 Armour
 - Level 4.0 Shields


You had 8 spell levels left.
You didn't know any spells.
Your spell library contained the following spells:

 Spells                   Type           Power      Damage    Failure   Level
 Necrotise                Necr           0%         1d4       99%         1
 Shock                    Conj/Air       0%         1d3       99%         1
 Call Canine Familiar     Summ           0%         N/A       100%        3
 Vampiric Draining        Necr           0%         2d6       100%        3
 Airstrike                Air            0%         2d(0-16)  100%        4
 Animate Armour           Summ/Erth      0%         N/A       100%        4
 Animate Dead             Necr           0%         N/A       100%        4
 Martyr's Knell           Necr/Summ      0%         N/A       100%        4
 Alistair's Intoxication  Alch           0%         N/A       100%        5
 Borgnjor's Vile Clutch   Necr/Erth      0%         N/A       100%        5
 Curse of Agony           Necr           0%         N/A       100%        5
 Eringya's Noxious Bog    Alch           0%         4d6       100%        6
 Haunt                    Necr/Summ      0%         N/A       100%        7
 Malign Gateway           Summ/Tloc      0%         N/A       100%        7
 Infestation              Necr           0%         N/A       100%        8
 Swiftness                Air            Unusable   N/A       N/A         3

Dungeon Overview and Level Annotations

Branches:
Dungeon (1/1)

Altars:
Ashenzari
Cheibriados
Dithmenos
Elyvilon
Fedhas
Gozag
Hepliaklqana
Kikubaaqudgha
Makhleb
Nemelex Xobeh
Okawaru
Qazlal
Ru
Sif Muna
Trog
Uskayaw
Vehumet
Wu Jian
Xom
Yredelemnul
Zin
The Shining One
Beogh
Jiyva
Lugonu

Annotations:
D 1 transporter


Innate Abilities, Weirdness & Mutations

You cannot be hasted, slowed, berserked, paralysed or teleported.
You can dig through walls and to a lower floor.
You have a pair of large antennae on your head. (SInv)
Your four strong arms can wield two-handed weapons with a shield.


Message History

PTOANNNG!
The royal mummy gestures wildly while chanting.
You slash the royal mummy!
The royal mummy is moderately damaged.
You hit the death scarab but do no damage.
The death scarab waves its antennae.
The death scarab bites you! The death scarab drains your vigour!
Your stasis prevents you from being slowed.
The death scarab draws strength from your injuries!
You block the death scarab's attack.
GONNNNG!
You block the death scarab's attack.
GONNNNG!
You block the death scarab's attack.
PANG!
The royal mummy hits you!!
The death scarab bites you but does no damage.
You barely miss the royal mummy.
The royal mummy is moderately damaged.
You slash the death scarab! x2; You slice the death scarab!!
You closely miss the death scarab.
The death scarab bites you but does no damage.
You block the death scarab's attack.
PTOANNNG!
You block the death scarab's attack.
SHROANNG!
You block the death scarab's attack.
SHROANNG!
The death scarab bites you but does no damage.
The death scarab bites you!
* * * LOW HITPOINT WARNING * * *
The death scarab drains your vigour!
Your stasis prevents you from being slowed.
The death scarab draws strength from your injuries!
The death scarab bites you.
* * * LOW HITPOINT WARNING * * *
The death scarab draws strength from your injuries!
The death scarab bites you but does no damage.
The death scarab bites you!
You die... ▓..)[....▓.▓....▓.▓ ▓...©....▓...©....▓ ▓▓▓▓▓▓▓▓▓▓▓▓▓▓▓▓▓▓▓ ▓..ß©ß..▓ {{{{

▓..///..▓
{{{
▓..=)=..▓
▓.......▓
▓..MBB..▓
▓..B@B..▓
▓..B....▓
▓.▓...▓.▓
▓...©...▓
▓▓▓▓▓▓▓▓▓
{{{ {{{


You could see a royal mummy and 5 death scarabs.

Vanquished Creatures
  A mummy priest (D)
  A two-headed ogre (D)
  3 guardian mummies (D)
  A troll (D)
  An ushabti (D)
  2 ogres (D)
  An orc wizard (D)
  6 mummies (D)
  An adder zombie (D)
  3 orcs (D)
  2 ball python zombies (D)
  A jackal zombie (D)
23 creatures vanquished.

Notes
Turn   | Place    | Note
-------+----------+-------------------------------------------
     0 | D        | nuthulu the Formicid Fighter began the quest for the Orb.
     0 | D        | Reached XP level 1. HP: 18/18 MP: 1/1
     0 | D        | Found a shimmering blue altar of Sif Muna.
     0 | D        | Found a sacrificial altar of Ru.
     0 | D        | Found a bloodstained altar of Trog.
     0 | D        | Found a stormy altar of Qazlal.
     0 | D        | Found an iron altar of Okawaru.
     0 | D        | Found a sparkling altar of Nemelex Xobeh.
     0 | D        | Found a blossoming altar of Fedhas.
     0 | D        | Found the +6 Majin-Bo {spellvamp, MP+6 Int+6}
     0 | D        | Found the +27 heavy crossbow "Sniper" {heavy, Acc+∞ SInv}
     0 | D        | Found the +10 dark maul {heavy}
     0 | D        | Found the +15 Maxwell's patent armour {-Cast -Tele rElec
                  | Will+ rCorr}
     0 | D        | Found the +18 shield of the Gong {Loud rN+ Will+ rCorr
                  | EV-5}
     0 | D        | Found the +16 obsidian axe {drain, demonic, Mesm ^Drain Fly
                  | SInv}
     0 | D        | Found the +7 great mace "Firestarter" {flame, immolate,
                  | rFlCloud rF++}
     0 | D        | Found the +6 shillelagh "Devastator" {shatter}
     0 | D        | Found the +11 plutonium sword {^Contam Stlth-}
     0 | D        | Found the +8 lance "Wyrmbane" {slay drac, rPois rF+ rC+
                  | AC+3}
     0 | D        | Found the +9 sword of Zonguldrok {reap}
     0 | D        | Found the +13 scythe of Curses {drain, curses, ^Drain}
     0 | D        | Found the +9 sword of Power {lifebolt}
     0 | D        | Found the +7 mace of Variability {chaos, chaos arc}
     0 | D        | Found the +11 Singing Sword {sonic wave}
     0 | D        | Found the +8 storm bow {elec, penet}
     2 | D        | Found an ancient bone altar of Kikubaaqudgha.
     2 | D        | Found a transporter.
     2 | D        | Found a corrupted altar of Lugonu.
     2 | D        | Found a viscous altar of Jiyva.
     2 | D        | Found a burning altar of Makhleb.
     2 | D        | Found a hazy altar of Hepliaklqana.
     2 | D        | Found an opulent altar of Gozag.
    73 | D        | Reached skill level 7 in Axes
    73 | D        | Reached XP level 2. HP: 24/24 MP: 2/2
    83 | D        | Became a worshipper of Makhleb the Destroyer
    90 | D        | Entered arena 2.
    90 | D        | Found a transporter.
   102 | D        | Entered arena 3.
   102 | D        | Found a transporter.
   105 | D        | Reached * piety under Makhleb
   107 | D        | Reached skill level 8 in Axes
   107 | D        | Reached XP level 3. HP: 30/30 MP: 3/3
   119 | D        | Entered arena 4.
   119 | D        | Found a transporter.
   122 | D        | Reached ** piety under Makhleb
   129 | D        | Reached skill level 5 in Fighting
   129 | D        | Reached XP level 4. HP: 38/39 MP: 4/4
   134 | D        | Got the Volume of Productive Orogeny
   136 | D        | Entered arena 5.
   136 | D        | Noticed an ogre
   136 | D        | Noticed an ogre
   136 | D        | Noticed a troll
   136 | D        | Noticed a two-headed ogre
   136 | D        | Found a transporter.
   141 | D        | Killed an ogre
   141 | D        | Reached *** piety under Makhleb
   142 | D        | Reached skill level 9 in Axes
   142 | D        | Reached XP level 5. HP: 27/48 MP: 5/5
   142 | D        | Killed a troll
   143 | D        | Reached skill level 10 in Fighting
   143 | D        | Reached skill level 11 in Axes
   143 | D        | Reached XP level 6. HP: 42/60 MP: 6/6
   143 | D        | Reached XP level 7. HP: 46/66 MP: 7/7
   144 | D        | Killed a two-headed ogre
   145 | D        | Reached skill level 13 in Axes
   145 | D        | Reached XP level 8. HP: 41/78 MP: 8/8
   150 | D        | Got the ring of Cowardice {^Contam rElec rF+ Str+7 Dex-4}
   255 | D        | Entered arena 6.
   255 | D        | Found the +8 whip "Snakebite" {venom, curare, rPois}
   255 | D        | Noticed a guardian mummy
   255 | D        | Noticed an ushabti
   255 | D        | Found a transporter.
   260 | D        | Reached **** piety under Makhleb
   263 | D        | Killed an ushabti
   264 | D        | Reached skill level 14 in Axes
   269 | D        | Killed a guardian mummy
   269 | D        | Reached ***** piety under Makhleb
   270 | D        | Reached XP level 9. HP: 53/86 MP: 9/9
   387 | D        | Entered arena 7.
   387 | D        | Noticed a royal mummy
   387 | D        | Noticed a guardian mummy
   387 | D        | Noticed a mummy priest
   387 | D        | Noticed a guardian mummy
   388 | D        | Found a transporter.
   391 | D        | Noticed a death scarab
   391 | D        | Noticed a death scarab
   392 | D        | Noticed a soul eater
   393 | D        | Noticed a smoke demon
   394 | D        | Killed a guardian mummy
   394 | D        | Killed a guardian mummy
   394 | D        | Killed a mummy priest
   395 | D        | Reached skill level 15 in Fighting
   395 | D        | Reached skill level 16 in Axes
   395 | D        | Noticed a death scarab
   397 | D        | Noticed a death scarab
   397 | D        | Noticed a death scarab
   397 | D        | Noticed a death scarab
   398 | D        | Slain by a death scarab

Illustrated notes

Levels and vault maps discovered:
D:        sprint_v [room_start, room_1, room_2, room_3, room_4, room_5, room_6,
          room_7, room_8, room_9, room_10, room_11, room_12, room_13, room_14,
          room_15, room_16, room_17, room_18, room_19, room_20, room_21,
          room_22, room_23, room_24, room_25, room_26, room_27]

Skill      XL: |  1  2  3  4  5  6  7  8  9 |
---------------+----------------------------+-----
Axes           | 7 8 9 11 13 14 16 | 16.1
Fighting       | 4 5 7 10 12 13 15 | 15.9
Armour         | |  3.2
Shields        | |  4.0

Action                     |  1- 3 |  4- 6 |  7- 9 || total
---------------------------+-------+-------+-------++-------
  Melee: Executioner's axe |    17 |     3 |    21 ||    41
    Use: Potion            |     1 |     1 |       ||     2
   Stab: Invisible         |       |     1 |     1 ||     2
 Armour: Plate armour      |     5 |     7 |    22 ||    34
  Dodge: Dodged            |       |     2 |     1 ||     3
  Block: Kite shield       |    20 |     9 |    34 ||    63

Table legend: (Time is in decaauts)
 A = Elapsed time spent in this place.
 B = Non-inter-level travel time spent in this place.
 C = Inter-level travel time spent in this place.
 D = Time resting spent in this place.
 E = Time spent auto-exploring this place.
 F = Levels seen in this place.
 G = Mean time per level.
                   A        B        C        D        E       F      G
               +--------+--------+--------+--------+--------+-----+--------+
         Total |    413 |    413 |      0 |    211 |      4 |   1 |  413.0 |
       Dungeon |    413 |    413 |      0 |    211 |      4 |   1 |  413.0 |
               +--------+--------+--------+--------+--------+-----+--------+

Top non-repeatable levels by time:
       D: 413 daAuts
